 Dungeon Crawl Stone Soup version 0.27-a0-401-gea03ee85fd (webtiles) character file.

Game seed: 10897783010730362253

105 gruber the Insei (level 4, -1/34 HPs)
             Began as a Gnoll Transmuter on Feb 21, 2021.
             Slain by Sigmund
             ... wielding a +1 vorpal scythe
              (14 damage)
             ... on level 2 of the Dungeon.
             The game lasted 00:01:20 (2036 turns).

gruber the Insei (Gnoll Transmuter)                 Turns: 2036, Time: 00:01:20

Health: -1/34      AC:  2    Str: 15    XL:     4   Next: 81%
Magic:  10/11      EV: 14    Int: 14    God:
Gold:   84         SH:  0    Dex: 12    Spells: 3/13 levels left

rFire    . . .     SeeInvis .     - Unarmed
rCold    . . .     Faith    .   (no shield)
rNeg     . . .     Spirit   .   a - +0 robe
rPois    .         Reflect  .   (no helmet)
rElec    .         Harm     .   (no cloak)
rCorr    .         Rampage  .   (no gloves)
Will     .....                  (no boots)
Stlth    +.........             (no amulet)
HPRegen  0.11/turn              d - +6 ring of strength
MPRegen  0.12/turn              (no ring)

@: confused
A: distributed training, fangs 1, strong nose
a: no special abilities


You were on level 2 of the Dungeon.
You visited 1 branch of the dungeon, and saw 2 of its levels.

You collected 84 gold pieces.

Inventory:

Armour
 a - a +0 robe (worn)
Jewellery
 d - a +6 ring of strength (left hand)
Wands
 g - a wand of polymorph (6)
Scrolls
 c - 2 scrolls of enchant weapon {unknown}
 e - a scroll of immolation {unknown}
 f - a scroll of blinking {unknown}
 i - a scroll of teleportation {unknown}
Potions
 b - 2 potions of curing {unknown}
 h - a potion of flight {unknown}


   Skills:
 + Level 2.8 Fighting
 + Level 1.2 Short Blades
 + Level 1.2 Long Blades
 + Level 1.2 Axes
 + Level 1.2 Maces & Flails
 + Level 1.2 Polearms
 + Level 1.2 Staves
 + Level 1.2 Slings
 + Level 1.2 Bows
 + Level 1.2 Crossbows
 + Level 1.2 Throwing
 + Level 1.2 Armour
 + Level 4.7 Dodging
 + Level 1.2 Stealth
 + Level 1.2 Shields
 + Level 6.6 Unarmed Combat
 + Level 5.1 Spellcasting
 + Level 1.0 Conjurations
 + Level 1.0 Hexes
 + Level 1.0 Summonings
 + Level 1.0 Necromancy
 + Level 1.0 Translocations
 + Level 3.9 Transmutations
 + Level 1.0 Fire Magic
 + Level 1.0 Ice Magic
 + Level 1.0 Air Magic
 + Level 1.0 Earth Magic
 + Level 1.0 Poison Magic
 + Level 1.4 Invocations
 + Level 1.2 Evocations


You had 3 spell levels left.
You knew the following spells:

 Your Spells              Type           Power        Failure   Level
a - Beastly Appendage     Tmut           28%          3%          1
b - Wereblood             Tmut           14%          5%          2
c - Spider Form           Tmut/Pois      5%           19%         3
d - Ice Form              Ice/Tmut       10%          52%         4

Your spell library contained the following spells:

 Spells                   Type           Power        Failure   Level
 Blade Hands              Tmut           7%           67%         5


Dungeon Overview and Level Annotations

Branches:
Dungeon (2/15)

Altars:
Fedhas
Qazlal

Annotations:
D:2 Sigmund


Innate Abilities, Weirdness & Mutations

Your experience applies equally to all skills.
You have very sharp teeth.
Your uncanny sense of smell can sniff out nearby items.


Message History

Things that are here:
a +0 flail of draining; a +0 scale mail You now have 84 gold pieces (gained 8).
Sigmund the Dreaded comes into view.
He is wielding a +1 vorpal scythe.
Sigmund is nearby!
Sigmund is nearby!
Sigmund is nearby!
Casting: Beastly Appendage (safe; 3% risk of failure)
Confirm with . or Enter, or press ? or * to list all spells.
The spell is quite dangerous to cast (19% risk of failure)!
Continue anyway?
You turn into a venomous arachnid creature.
Your +0 robe melds into your body.
Sigmund points at you and mumbles some strange words.
You are confused.
You bump into the rock wall.
Sigmund screams, "Die, monster!"
Sigmund closely misses you.
You're too confused to move!
Sigmund closely misses you.
You bump into the rock wall.
Your transformation is almost over.
Sigmund misses you.
You feel less confused.
Sigmund hits you from afar with a +1 vorpal scythe.
You barely miss Sigmund. Sigmund casts a spell at you.
You are confused.
You bump into the rock wall.
Sigmund points at you and mumbles some strange words.
The magic dart hits you!
You nearly stumble into some lava!
Sigmund points at himself and mumbles some strange words.
Sigmund flickers and vanishes!
Deactivating autopickup; reactivate with Ctrl-A.
You nearly stumble into some lava!
Something barely misses you. Something hits you.
You bite something! Something barely misses you.
Your transformation has ended.
Your +0 robe unmelds from your body.
Something hits you!
You die...

######### ##########
###.......# .........#
#..@{.....# .........#
#.≈§≈≈≈§..# #.....#..#
#.≈§≈§≈≈..#
.#....#..#####.§≈>.≈≈..#
..#..#.........§§8_≈§..#
..###....##.##§§§≈§≈≈..##
.###....###.##.≈§§≈≈≈....
#..#....# #.##........##
....#...###.#####.#####


There were no monsters in sight!

Vanquished Creatures
  Jessica (D:2)
  Terence (D:2)
  An adder (D:2)
  A worm (D:2)
  2 leopard geckos
  3 giant cockroaches
  7 goblins
  5 hobgoblins
  6 kobolds
  4 bats
  A frilled lizard (D:2)
  7 rats
39 creatures vanquished.

Notes
Turn   | Place    | Note
-------+----------+-------------------------------------------
     0 | D:1      | gruber the Gnoll Transmuter began the quest for the Orb.
     0 | D:1      | Reached XP level 1. HP: 17/17 MP: 6/6
   113 | D:1      | Reached XP level 2. HP: 22/23 MP: 7/7
   817 | D:1      | Reached XP level 3. HP: 24/28 MP: 9/9
   819 | D:1      | Reached skill level 5 in Spellcasting
   822 | D:1      | Learned a level 2 spell: Wereblood
   868 | D:1      | Learned a level 3 spell: Spider Form
  1521 | D:2      | Noticed Terence
  1534 | D:2      | Killed Terence
  1535 | D:2      | Reached skill level 1 in Short Blades
  1535 | D:2      | Reached skill level 1 in Long Blades
  1535 | D:2      | Reached skill level 1 in Axes
  1535 | D:2      | Reached skill level 1 in Maces & Flails
  1535 | D:2      | Reached skill level 1 in Polearms
  1535 | D:2      | Reached skill level 1 in Staves
  1535 | D:2      | Reached skill level 1 in Slings
  1535 | D:2      | Reached skill level 1 in Bows
  1535 | D:2      | Reached skill level 1 in Crossbows
  1535 | D:2      | Reached skill level 1 in Throwing
  1535 | D:2      | Reached skill level 1 in Armour
  1535 | D:2      | Reached skill level 1 in Stealth
  1535 | D:2      | Reached skill level 1 in Shields
  1535 | D:2      | Reached skill level 1 in Invocations
  1535 | D:2      | Reached skill level 1 in Evocations
  1535 | D:2      | Reached XP level 4. HP: 29/34 MP: 9/11
  1702 | D:2      | Learned a level 4 spell: Ice Form
  1703 | D:2      | Noticed Jessica
  1717 | D:2      | Killed Jessica
  1718 | D:2      | Reached skill level 1 in Conjurations
  1718 | D:2      | Reached skill level 1 in Hexes
  1718 | D:2      | Reached skill level 1 in Summonings
  1718 | D:2      | Reached skill level 1 in Necromancy
  1718 | D:2      | Reached skill level 1 in Translocations
  1718 | D:2      | Reached skill level 1 in Fire Magic
  1718 | D:2      | Reached skill level 1 in Ice Magic
  1718 | D:2      | Reached skill level 1 in Air Magic
  1718 | D:2      | Reached skill level 1 in Earth Magic
  1718 | D:2      | Reached skill level 1 in Poison Magic
  1756 | D:2      | Found a blossoming altar of Fedhas.
  1991 | D:2      | Found a stormy altar of Qazlal.
  2010 | D:2      | Noticed Sigmund
  2036 | D:2      | Slain by Sigmund

Illustrated notes

Levels and vault maps discovered:
D:1:      wheals_arrival_linesprint, layout_loops_cross, minmay_misc_feat_tower
D:2:      layout_loops_ring, cheibriados_altar_2, general_overflow_altar,
          old_standard_altar, fedhas_ov_isle_minmay, minmay_misc_feat_chi,
          uniq_terence, uniq_jessica, uniq_sigmund

Skill      XL: |  1  2  3  4 |
---------------+-------------+-----
Spellcasting   | 5 |  5.1
Short Blades   | 1 |  1.2
Long Blades    | 1 |  1.2
Axes           | 1 |  1.2
Maces & Flails | 1 |  1.2
Polearms       | 1 |  1.2
Staves         | 1 |  1.2
Slings         | 1 |  1.2
Bows           | 1 |  1.2
Crossbows      | 1 |  1.2
Throwing       | 1 |  1.2
Armour         | 1 |  1.2
Stealth        | 1 |  1.2
Shields        | 1 |  1.2
Invocations    | 1 |  1.4
Evocations     | 1 |  1.2
Conjurations   | 1 |  1.0
Hexes          | 1 |  1.0
Summonings     | 1 |  1.0
Necromancy     | 1 |  1.0
Translocations | 1 |  1.0
Fire Magic     | 1 |  1.0
Ice Magic      | 1 |  1.0
Air Magic      | 1 |  1.0
Earth Magic    | 1 |  1.0
Poison Magic   | 1 |  1.0
Fighting       | |  2.8
Dodging        | |  4.7
Unarmed Combat | |  6.6
Transmutations | |  3.9

Action                   |  1- 3 |  4- 6 || total
-------------------------+-------+-------++-------
Melee: Unarmed           |    81 |    30 ||   111
       Bite              |     8 |     3 ||    11
       Punch             |     2 |     1 ||     3
       Headbutt          |     2 |     2 ||     4
       Kick              |     2 |     1 ||     3
 Cast: Beastly Appendage |     3 |     1 ||     4
       Spider Form       |       |     1 ||     1
 Stab: Sleeping          |     3 |     1 ||     4
Armor: Robe              |    18 |     2 ||    20
Dodge: Dodged            |    66 |    21 ||    87

Table legend: (Time is in decaauts)
 A = Elapsed time spent in this place.
 B = Non-inter-level travel time spent in this place.
 C = Inter-level travel time spent in this place.
 D = Time resting spent in this place.
 E = Time spent auto-exploring this place.
 F = Levels seen in this place.
 G = Mean time per level.
                   A        B        C        D        E       F      G
               +--------+--------+--------+--------+--------+-----+--------+
         Total |   2021 |   1972 |     49 |     18 |   1712 |   2 | 1010.5 |
       Dungeon |   2021 |   1972 |     49 |     18 |   1712 |   2 | 1010.5 |
               +--------+--------+--------+--------+--------+-----+--------+

Top non-repeatable levels by time:
     D:1: 1432 daAuts
     D:2: 589 daAuts
